 Dungeon Crawl Stone Soup version 0.25-a0-701-gb30f108f01 (webtiles) character file.

Game seed: 1371260173648459728, levelgen mode: deterministic

4569 Flugslaktarn the Cleaver (level 10, -1/91 HPs)
             Began as a Deep Dwarf Fighter on Apr 3, 2020.
             Was a Believer of Uskayaw.
             Slain by a two-headed ogre
             ... wielding a +0 giant spiked club
              (9 damage)
             ... on level 10 of the Dungeon.
             The game lasted 00:04:34 (5981 turns).

Flugslaktarn the Cleaver (Deep Dwarf Fighter)       Turns: 5981, Time: 00:04:34

Health: -1/91      AC: 13    Str: 29    XL:     10   Next: 18%
Magic:  6/6        EV:  7    Int:  8    God:    Uskayaw [**....]
Gold:   200        SH: 12    Dex: 12    Spells: 9/9 levels left

rFire    + . .     SeeInvis +   b - +7 broad axe (elec)
rCold    . . .     Gourm    .   c - +0 kite shield
rNeg     . . .     Faith    .   E - +0 chain mail
rPois    .         Spirit   .   (no helmet)
rElec    .         Reflect  .   (no cloak)
rCorr    .         Harm     .   l - +0 pair of gloves
MR       ++...                  p - +0 pair of boots "Pugom" {rF+ Str+5 Stlth-}
Stlth    ..........             (no amulet)
HPRegen  0.00/turn              m - ring of protection from magic
MPRegen  0.10/turn              i - ring of see invisible

@: non-regenerating
A: damage resistance, heal wounds, sense surroundings 2, no regeneration
a: Heal Wounds, Stomp, Line Pass, Renounce Religion


You were on level 10 of the Dungeon.
You worshipped Uskayaw.
Uskayaw was noncommittal.
You were not hungry.

You visited 2 branches of the dungeon, and saw 11 of its levels.

You collected 428 gold pieces.
You spent 228 gold pieces at shops.

Inventory:

Hand Weapons
 a - a +1 war axe
 b - a +7 broad axe of electrocution (weapon)
   (You acquired it on level 9 of the Dungeon)
Missiles
 k - a throwing net (quivered)
Armour
 c - a +0 kite shield (worn)
 l - a +0 pair of gloves (worn)
   (You found it on level 6 of the Dungeon)
 p - the +0 pair of boots "Pugom" (worn) {rF+ Str+5 Stlth-}
   (You bought it in a shop on level 6 of the Dungeon)

   It affects your strength (+5).
   It protects you from fire.
   It makes you less stealthy.
 E - a +0 chain mail (worn)
   (You took it off an orc priest on level 9 of the Dungeon)
Jewellery
 g - an uncursed ring of magical power
   (You found it on level 4 of the Dungeon)
 i - a ring of see invisible (right hand)
   (You found it on level 4 of the Dungeon)
 m - a ring of protection from magic (left hand)
   (You found it on level 3 of the Dungeon)
Wands
 s - a wand of paralysis (14)
   (You found it on level 6 of the Dungeon)
 y - a wand of acid (6)
   (You found it on level 8 of the Dungeon)
Scrolls
 t - a scroll of enchant armour {unknown}
 u - 2 scrolls of fog
 x - 3 scrolls of remove curse
 z - 2 scrolls of blinking
 D - a scroll of silence
Potions
 d - a potion of might
 f - 2 potions of stabbing
 h - a potion of haste
 j - a potion of berserk rage
 n - a potion of lignification
 q - 3 potions of curing
 w - a potion of heal wounds
 A - a potion of ambrosia {unknown}
 B - a potion of mutation {unknown}
Comestibles
 e - 12 rations
 o - 4 chunks of flesh


   Skills:
 + Level 6.2 Fighting
 * Level 9.9 Axes
 + Level 7.5 Armour
 + Level 7.5 Shields
 + Level 7.3 Invocations


You had 9 spell levels left.
You didn't know any spells.
Your spell library was empty.

Dungeon Overview and Level Annotations

Branches:
Dungeon (10/15)            Temple (1/1) D:7             Orc (0/2) D:9
   Lair: D:8-11

Altars:
Ashenzari
Cheibriados
Dithmenos
Elyvilon
Fedhas
Gozag
Hepliaklqana
Kikubaaqudgha
Nemelex Xobeh
Okawaru
Qazlal
Ru
Sif Muna
Trog
Uskayaw
Wu Jian
Xom
Yredelemnul
Zin
The Shining One

Shops:
D:5 =   D:6 [(:[


Innate Abilities, Weirdness & Mutations

You are resistant to damage.
You can heal yourself by infusing magical energy.
You passively map the area around you.
You do not regenerate.


Message History

The two-headed ogre hits you with a +0 giant club!!
The two-headed ogre hits you but does no damage.
You slice the two-headed ogre!!
The two-headed ogre is severely wounded.
You slash the two-headed ogre!
The ogre mage hits you from afar with a +0 halberd.
You can now pass through a line of other dancers.
You slash the two-headed ogre!
The two-headed ogre is almost dead.
You hit the two-headed ogre. You slash the two-headed ogre!
You block the two-headed ogre's attack.
The two-headed ogre hits you with a +0 giant club.
* * * LOW HITPOINT WARNING * * *
You block the two-headed ogre's attack.
The two-headed ogre hits you with a +0 giant club!
* * * LOW HITPOINT WARNING * * *
The two-headed ogre hits you with a +0 giant spiked club!
* * * LOW HITPOINT WARNING * * *
The two-headed ogre hits you with a +0 giant club!
You die...

* .####.###+##. ,, ,
............#########+ *
...........#......... #,
......##...'.........
#.#####.......#.......(#
#......$......#..####..#
.............#..####..#
.##.........#...#..... *
#.O@.#....#...#....# * ,
#.OO......#...#....#
#.OO#+#####...#.<..#
*,,.....# #######..# *
.O....# ,, , ,#..#
#.O.....# , #..#
#.......# , ,, ,#..#
#....#..#, * #..# * ,, *
####


You could see 5 two-headed ogres, an ogre mage and an ogre.

Vanquished Creatures
  A hippogriff (D:7)
  Sigmund (D:6)
  5 yaks (D:9)
  2 hungry ghosts (D:9)
  Edmund (D:6)
  2 wargs (D:9)
  An orc warrior (D:9)
  2 ice beasts
  A sky beast (D:9)
  A black bear (D:6)
  3 centaurs
  A phantom (D:4)
  An ogre (D:4)
  2 bullfrogs
  3 gnoll sergeants
  A water moccasin zombie (D:7)
  A wyvern skeleton (D:9)
  A scorpion (D:7)
  4 killer bees (D:7)
  6 howler monkeys
  A crimson imp (D:9)
  3 bullfrog zombies
  A jelly (D:6)
  3 hounds
  A centaur skeleton (D:6)
  6 orc priests
  Crazy Yiuf (D:6)
  4 orc wizards
  2 bullfrog skeletons
  8 worker ants
  A hound zombie (D:5)
  7 adders
  9 gnolls
  A shadow imp (D:6)
  An ooze (D:5)
  An adder skeleton (D:9)
  2 leopard geckos
  46 orcs
  A ball python (D:4)
  5 giant cockroaches
  3 hobgoblins
  6 jackals
  5 quokkas
  2 goblins (D:1)
  2 jackal skeletons
  3 kobolds
  A leopard gecko skeleton (D:5)
  A quokka skeleton (D:4)
  A quokka zombie (D:8)
  4 rats
172 creatures vanquished.

Notes
Turn   | Place    | Note
-------+----------+-------------------------------------------
     0 | D:1      | Flugslaktarn the Deep Dwarf Fighter began the quest for the
                  | Orb.
     0 | D:1      | Reached XP level 1. HP: 20/20 MP: 1/1
    52 | D:1      | Reached XP level 2. HP: 18/27 MP: 2/2
   187 | D:3      | Found a hide-covered altar of Uskayaw.
   196 | D:3      | Reached skill level 3 in Axes
   196 | D:3      | Reached XP level 3. HP: 16/34 MP: 3/3
   206 | D:3      | Reached XP level 4. HP: 31/42 MP: 4/4
   261 | D:3      | Became a worshipper of Uskayaw the Reveler
   327 | D:3      | Reached * piety under Uskayaw
   656 | D:4      | Found a white marble altar of Elyvilon.
   657 | D:4      | Found a glowing silver altar of Zin.
   890 | D:4      | Noticed a phantom
   896 | D:4      | Reached ** piety under Uskayaw
   936 | D:4      | Killed a phantom
   936 | D:4      | Reached skill level 4 in Axes
   936 | D:4      | Reached skill level 1 in Invocations
   936 | D:4      | Reached XP level 5. HP: 45/49 MP: 4/4
   972 | D:4      | Reached *** piety under Uskayaw
   981 | D:4      | Reached **** piety under Uskayaw
   988 | D:4      | Reached XP level 6. HP: 22/56 MP: 6/6
   992 | D:4      | Reached ***** piety under Uskayaw
  1305 | D:4      | Reached skill level 5 in Axes
  1467 | D:5      | Entered Level 5 of the Dungeon
  1524 | D:5      | Reached XP level 7. HP: 47/63 MP: 7/7
  1583 | D:5      | Found an opulent altar of Gozag.
  1801 | D:5      | Reached skill level 5 in Shields
  1909 | D:5      | Reached skill level 5 in Armour
  1948 | D:5      | Found Foufoo Voirph's Jewellery Shop.
  1954 | D:5      | Reached skill level 6 in Axes
  2312 | D:6      | Found Osty's Antique Armour Shoppe.
  2425 | D:6      | Noticed Edmund
  2446 | D:6      | Killed Edmund
  2446 | D:6      | Reached XP level 8. HP: 40/73 MP: 8/8
  2749 | D:6      | Reached skill level 7 in Axes
  2851 | D:6      | Found Waepaets's Book Shoppe.
  2868 | D:6      | Found Limnegyah's Weapon Emporium.
  2924 | D:6      | Found a shimmering blue altar of Sif Muna.
  2924 | D:6      | Found an ancient bone altar of Kikubaaqudgha.
  2934 | D:6      | Found a sparkling altar of Nemelex Xobeh.
  2959 | D:6      | Noticed Sigmund
  2968 | D:6      | Killed Sigmund
  2973 | D:6      | Reached skill level 5 in Invocations
  3009 | D:6      | Found Ibodoz's Armour Shop.
  3094 | D:6      | Found a runed translucent door.
  3095 | D:6      | Noticed Crazy Yiuf
  3606 | D:6      | Killed Crazy Yiuf
  3666 | D:7      | Reached skill level 5 in Fighting
  3710 | D:7      | Noticed a hippogriff
  3720 | D:7      | Reached skill level 8 in Axes
  3720 | D:7      | Gained mutation: You passively map the area around you.
                  | [Deep Dwarf growth]
  3720 | D:7      | Reached XP level 9. HP: 31/81 MP: 7/7
  3806 | D:7      | Found a staircase to the Ecumenical Temple.
  4432 | D:8      | Found a stormy altar of Qazlal.
  4888 | D:6      | Bought a pair of twisted boots for 228 gold pieces
  4893 | D:6      | Identified the +0 pair of boots "Pugom" {rF+ Str+5 Stlth-}
                  | (You bought it in a shop on level 6 of the Dungeon)
  5037 | D:9      | Reached skill level 9 in Axes
  5190 | D:9      | Found a staircase to the Orcish Mines.
  5266 | D:9      | Identified a scroll of acquirement
  5353 | D:9      | Reached XP level 10. HP: 55/91 MP: 7/7
  5751 | Temple   | Entered the Ecumenical Temple
  5937 | D:10     | Entered Level 10 of the Dungeon
  5974 | D:10     | Noticed an ogre mage
  5974 | D:10     | Noticed a two-headed ogre
  5975 | D:10     | Noticed a two-headed ogre
  5976 | D:10     | Noticed a two-headed ogre
  5976 | D:10     | Noticed a two-headed ogre
  5977 | D:10     | Noticed a two-headed ogre
  5981 | D:10     | Slain by a two-headed ogre

Levels and vault maps discovered:
D:1:      scummos_arrival_simple_crosswalls, layout_rooms
D:2:      layout_loops_ring, nicolae_overflow_hidden_temple, first_ration
D:3:      layout_basic, eat_drink_and_be_merry_uskayaw
D:4:      layout_loops_ring, gammafunk_temple_overflow_statue
D:5:      layout_gridville, serial_shops, shop_statue, grunt_gozag_breadcrumbs
D:6:      black_bear_nest_2, layout_basic, gammafunk_temple_overflow_wave,
          serial_shops, shop, nicolae_shop_behind_doors, kennysheep_mini, shop,
          nemelex_lonely_heart_becter, uniq_crazy_yiuf_cottage, uniq_edmund,
          uniq_sigmund
D:7:      layout_cave_pools, temple_hall
D:8:      layout_basic, grunt_qazlal_sundering, special_room [special_room_orc]
D:9:      layout_roguey, david_orc_3
D:10:     gammafunk_wand_slinger, layout_stronghold, uniq_josephine
Temple:   eino_temple_lava

Skill      XL: |  1  2  3  4  5  6  7  8  9 |
---------------+----------------------------+-----
Fighting       | 3 4 5 6 |  6.2
Axes           | 3 4 5 6 8 9 |  9.9
Shields        | 4 5 6 7 |  7.5
Armour         | 4 5 6 7 |  7.5
Invocations    | 1 2 4 5 7 |  7.3

Action                   |  1- 3 |  4- 6 |  7- 9 | 10-12 || total
-------------------------+-------+-------+-------+-------++-------
Melee: War axe           |    52 |   132 |   407 |     8 ||   599
       Broad axe         |       |       |       |     9 ||     9
 Abil: Heal Wounds       |     2 |     5 |    16 |     1 ||    24
  Use: Scroll            |       |       |    15 |     3 ||    18
       Potion            |       |       |     1 |       ||     1
 Stab: Paralysed         |       |     4 |    33 |     6 ||    43
  Eat: Chunk             |       |     2 |    19 |       ||    21
       Ration            |       |       |       |     1 ||     1
Armor: Scale mail        |    41 |    48 |   169 |       ||   258
       Chain mail        |       |       |    13 |     4 ||    17
Dodge: Dodged            |    31 |    33 |   144 |     4 ||   212
Block: Kite shield       |    47 |    72 |   271 |     9 ||   399

Table legend:
 A = Non-vault XP
 B = Vault XP
 C = Vault XP percentage of total XP
 D = Non-vault monster count
 E = Vault monster count
 F = Vault count percentage of total count
                 A         B        C        D         E       F
            +---------+---------+-------+---------+---------+-------
      Total |    5479 |    1049 |  16.1 |     149 |      23 |  13.4
            +---------+---------+-------+---------+---------+-------
        D:1 |      16 |       0 |   0.0 |       9 |       0 |   0.0
        D:2 |      15 |       0 |   0.0 |       2 |       0 |   0.0
        D:3 |     131 |       0 |   0.0 |      21 |       0 |   0.0
        D:4 |     513 |       0 |   0.0 |      19 |       0 |   0.0
        D:5 |     536 |       0 |   0.0 |      26 |       0 |   0.0
        D:6 |     558 |     549 |  49.6 |      19 |       4 |  17.4
        D:7 |     919 |       0 |   0.0 |      12 |       0 |   0.0
        D:8 |     562 |      74 |  11.6 |      16 |      12 |  42.9
        D:9 |    2095 |     426 |  16.9 |      20 |       7 |  25.9
       D:10 |     134 |       0 |   0.0 |       5 |       0 |   0.0
            +---------+---------+-------+---------+---------+-------
